 Dungeon Crawl Stone Soup version 0.27-a0-1078-g0d77da13b5 (webtiles) character file.

Game seed: 16782628089394555827

107 LordDeathwing the Digger (level 4, -13/25 HPs)
             Began as a Gargoyle Earth Elementalist on Apr 25, 2021.
             Killed by divine providence
             ... invoked by an orc priest
              (14 damage)
             ... on level 3 of the Dungeon.
             The game lasted 00:15:59 (2624 turns).

LordDeathwing the Digger (GrEE)                     Turns: 2624, Time: 00:16:02

Health: -13/25     AC:  8    Str: 12    XL:     4   Next: 86%
Magic:  1/7        EV: 12    Int: 16    God:
Gold:   104        SH:  0    Dex: 10    Spells: 3/7 levels left

rFire    . . .     SeeInvis .   d - +2 whip (freeze)
rCold    . . .     Faith    .   (no shield)
rNeg     + . .     Spirit   .   k - +2 robe {Will+}
rPois    ∞         Reflect  .   (no helmet)
rElec    +         Harm     .   (no cloak)
rCorr    .         Rampage  .   (no gloves)
Will     +....                  h - +0 pair of boots
Stlth    ++........             (no amulet)
HPRegen  0.08/turn              (no ring)
MPRegen  0.10/turn              (no ring)

@: no status effects
A: AC +3, negative energy resistance 1, electricity resistance, torment
resistance 1, unbreathing 1, petrification resistance
a: no special abilities


You were on level 3 of the Dungeon.
You visited 1 branch of the dungeon, and saw 3 of its levels.

You collected 196 gold pieces.
You spent 92 gold pieces at shops.

Inventory:

Hand Weapons
 d - a +2 whip of freezing (weapon)
Missiles
 b - 61 stones
 e - 7 poisoned darts (quivered)
Armour
 h - a +0 pair of boots (worn)
 k - a +2 robe of willpower (worn)
Scrolls
 a - a scroll of enchant weapon {unknown}
 c - a scroll of identify {unknown}
 f - a scroll of vulnerability {unknown}
 i - a scroll of holy word {unknown}
 p - a scroll of blinking {unknown}
Potions
 g - a potion of brilliance {unknown}
 j - 2 potions of curing {unknown}
 l - 2 potions of heal wounds {unknown}
 m - 2 potions of degeneration {unknown}
 n - 2 potions of lignification {unknown}
 o - a potion of ambrosia {unknown}


   Skills:
 + Level 1.3 Fighting
 + Level 0.9 Maces & Flails
 + Level 2.0 Dodging
 + Level 3.5 Stealth
 - Level 2.0 Spellcasting
 * Level 1.1 Conjurations
 - Level 0.7 Transmutations
 * Level 4.6 Earth Magic


You had 3 spell levels left.
You knew the following spells:

 Your Spells              Type           Power      Damage    Failure   Level
a - Sandblast             Erth           32%        2d9       3%          1
b - Stone Arrow           Conj/Erth      20%        3d8       19%         3

Your spell library contained the following spells:

 Spells                   Type           Power      Damage    Failure   Level
 Passwall                 Tmut/Erth      8%         N/A       11%         2
 Petrify                  Tmut/Erth      10%        N/A       56%         4
 Lee's Rapid Deconstruct  Erth           8%         3d8*      63%         5


Dungeon Overview and Level Annotations

Branches:
Dungeon (3/15)

Altars:
Cheibriados

Shops:
D:1 [   D:3 :


Innate Abilities, Weirdness & Mutations

Your stone body is resilient. (AC +3)
You are immune to poison.
You resist negative energy. (rN+)
You are resistant to electric shocks. (rElec)
You are resistant to unholy torment.
You can survive without breathing.
You are immune to petrification.


Message History

The goblin wields a +0 hunting sling.
The goblin shoots a stone.
Something hits you.
You hit something. You freeze something. Something hits you but does no damage.
The goblin shoots a stone.
The stone hits you but does no damage.
An orc wizard comes into view. It is wielding a +0 dagger.
You barely miss something. Something hits you but does no damage.
Something barely misses you.
You barely miss something.
The goblin shoots a stone.
The stone hits you.
You hear some strange, mumbled words.
Something tries to affect you, but you resist.
The goblin shoots a stone.
The stone hits you but does no damage.
You miss something. Something hits you.
The goblin shoots a stone.
You miss something. Something hits you but does no damage.
The goblin shoots a stone.
You barely miss something. Something hits you.
The goblin shoots a stone.
The stone closely misses you.
Casting: Sandblast (safe; 3% risk of failure)
Confirm with . or Enter, or press ? or * to list all spells.
Aiming: Sandblast (safe; 3% risk of failure)
Press: ? - help, Shift-Dir - straight line, f - goblin
Aim: a goblin, wielding a +0 hunting sling and quivering stones (74% to hit)
The blast of sand hits something but does no damage.
b - 62 stones Something hits you but does no damage.
The goblin shoots a stone.
The stone misses you.
Casting: Sandblast (safe; 3% risk of failure)
Confirm with . or Enter, or press ? or * to list all spells.
Aiming: Sandblast (safe; 3% risk of failure)
Press: ? - help, Shift-Dir - straight line, f/p - goblin
Aim: a goblin, wielding a +0 hunting sling and quivering stones (74% to hit)
The blast of sand hits something.
b - 61 stones Something hits you.
* * * LOW HITPOINT WARNING * * *
The goblin shoots a stone.
The stone hits you.
* * * LOW HITPOINT WARNING * * *
The orc priest mumbles some strange prayers to Beogh against you.
Beogh smites you!
Ouch! That really hurt!
You die... #....#.#.. ##...+## +...<#.#.. ....... #.....#...#.. .....# ...#.##.##### ....#####.#.##+### oog+

..#.#.#....#
gl##....#.#....#
#{#.. ..#.#....#
#@#.###.#.#..).#
#.#.....#.#....###
#.#.†...#.#..))).#
#.....#..........#
#####.#...........#
#.............#...+
#...#.#.#....>#...#
#.#.#.#.+.....+....
###.#.###.....#.#..


You could see an orc priest, an orc wizard, a hobgoblin, a goblin and a frilled
lizard.

Vanquished Creatures
  2 adders (D:3)
  4 dart slugs
  5 orcs (D:3)
  7 endoplasms
  A giant cockroach (D:3)
  8 goblins
  9 hobgoblins
  7 jackals (D:2)
  3 quokkas
  2 ball pythons
  8 bats
  3 frilled lizards (D:1)
  4 kobolds
  6 rats
69 creatures vanquished.

Notes
Turn   | Place    | Note
-------+----------+-------------------------------------------
     0 | D:1      | LordDeathwing the Gargoyle Earth Elementalist began the
                  | quest for the Orb.
     0 | D:1      | Reached XP level 1. HP: 10/10 MP: 3/3
    57 | D:1      | Reached XP level 2. HP: 4/15 MP: 0/5
    64 | D:1      | Reached skill level 4 in Earth Magic
   357 | D:1      | Found Kepick Joifi's Antique Armour Boutique.
   522 | D:1      | Reached XP level 3. HP: 4/20 MP: 1/6
  1559 | D:2      | Reached XP level 4. HP: 24/24 MP: 4/7
  1588 | D:2      | Found a faded altar of an unknown god.
  1603 | D:2      | Reached skill level 1 in Fighting
  1607 | D:2      | Learned a level 3 spell: Stone Arrow
  1638 | D:2      | Found a snail-covered altar of Cheibriados.
  1873 | D:1      | Bought a glowing robe for 92 gold pieces
  2311 | D:3      | Found Ryoxoclu's Book Shop.
  2613 | D:3      | Reached skill level 1 in Conjurations
  2624 | D:3      | HP: 1/25 [goblin/stone (3)]
  2624 | D:3      | Killed from afar by an orc priest

Illustrated notes

Levels and vault maps discovered:
D:1:      mrwooster_arrival_statue, layout_rooms, serial_shops, shop
D:2:      layout_loops_ring, hellmonk_ecumenical_altar_arch_garden, basic_altar
D:3:      layout_basic, nicolae_ru_great_annihilating_truth, serial_shops,
          nicolae_shop_stone

Skill      XL: |  1  2  3  4 |
---------------+-------------+-----
Earth Magic    | 4 |  4.6
Stealth        | 3 |  3.5
Fighting       | 1 |  1.3
Dodging        | 2 |  2.0
Conjurations   | 1 |  1.1
Maces & Flails | |  0.9
Spellcasting   | |  2.0
Transmutations | |  0.7

Action                   |  1- 3 |  4- 6 || total
-------------------------+-------+-------++-------
Melee: Unarmed           |    16 |       ||    16
       Mace              |    17 |       ||    17
       Short sword       |     8 |       ||     8
       Whip              |    14 |    38 ||    52
       Dagger            |     4 |       ||     4
Throw: Dart              |     3 |       ||     3
 Cast: Sandblast         |    41 |    27 ||    68
 Stab: Sleeping          |     2 |       ||     2
Armor: Robe              |    29 |    13 ||    42
Dodge: Dodged            |    52 |    30 ||    82

Table legend: (Time is in decaauts)
 A = Elapsed time spent in this place.
 B = Non-inter-level travel time spent in this place.
 C = Inter-level travel time spent in this place.
 D = Time resting spent in this place.
 E = Time spent auto-exploring this place.
 F = Levels seen in this place.
 G = Mean time per level.
                   A        B        C        D        E       F      G
               +--------+--------+--------+--------+--------+-----+--------+
         Total |   2633 |   2491 |    142 |    606 |   1337 |   3 |  877.7 |
       Dungeon |   2633 |   2491 |    142 |    606 |   1337 |   3 |  877.7 |
               +--------+--------+--------+--------+--------+-----+--------+

Top non-repeatable levels by time:
     D:1: 1124 daAuts
     D:2: 995 daAuts
     D:3: 513 daAuts
